 Dungeon Crawl Stone Soup version 0.28-a0-683-ga8797d1ae1 (webtiles) character file.

Game seed: 14144532298240299580

116 voltaire321 the Charlatan (level 4, 0/34 HPs)
             Began as a Demonspawn Artificer on Oct 18, 2021.
             Frozen to death by an endoplasm (3 damage)
             ... on level 2 of the Dungeon.
             The game lasted 00:04:55 (2659 turns).

voltaire321 the Charlatan (Demonspawn Artificer)    Turns: 2659, Time: 00:04:56

Health: 0/34       AC:  4    Str: 12    XL:     4   Next: 70%
Magic:  4/4        EV: 12    Int: 13    God:
Gold:   89         SH:  0    Dex: 14    Spells: 3/3 levels left

rFire   . . .      SeeInvis .   i - +1 dagger (drain)
rCold   . . .      Faith    .   (no shield)
rNeg    . . .      Spirit   .   b - +0 leather armour
rPois   +          Reflect  .   l - +0 helmet
rElec   .          Harm     .   (no cloak)
rCorr   .          Rampage  .   (no gloves)
Will    .....                   (no boots)
Stlth   +.........              (no amulet)
HPRegen 0.11/turn               f - ring of poison resistance
MPRegen 0.18/turn               (no ring)

@: no status effects
A: magic regeneration
a: no special abilities


You were on level 2 of the Dungeon.
You visited 1 branch of the dungeon, and saw 2 of its levels.

You collected 89 gold pieces.

Inventory:

Hand Weapons
 i - a +1 dagger of draining (weapon)
Armour
 b - a +0 leather armour (worn)
 l - a +0 helmet (worn)
Jewellery
 f - a ring of poison resistance (left hand)
Wands
 c - a wand of flame (15) (quivered)
 d - a wand of charming (15)
 m - a wand of iceblast (9)
Scrolls
 g - a scroll of identify {unknown}
 j - a scroll of enchant armour {unknown}
 k - a scroll of immolation {unknown}
Potions
 a - a potion of brilliance {unknown}
 h - 2 potions of might {unknown}
 n - a potion of flight {unknown}
Miscellaneous
 e - a piece from Xom's chessboard (15/15)


   Skills:
 + Level 2.3 Fighting
 + Level 2.7 Armour
 + Level 2.1 Dodging
 - Level 0.8 Stealth
 + Level 3.8 Evocations


You had 3 spell levels left.
You didn't know any spells.
Your spell library was empty.

Dungeon Overview and Level Annotations

Branches:
Dungeon (2/15)

Altars:

Shops:
D:1 [


Innate Abilities, Weirdness & Mutations

You regenerate magic rapidly.


Message History

The endoplasm misses you.
You hit the dart slug.
The dart slug is severely wounded.
The dart slug launches a dart at you. The slug dart hits you.
The endoplasm barely misses you.
You hit the dart slug but do no damage.
The dart slug is severely wounded.
The endoplasm freezes you.
You are frozen.
The dart slug launches a dart at you. The slug dart hits you.
You hit the dart slug. You drain the dart slug.
You kill the dart slug!
The endoplasm freezes you.
You are frozen.
* * * LOW HITPOINT WARNING * * *
You hit the endoplasm but do no damage. You drain the endoplasm.
The endoplasm is heavily wounded.
The endoplasm closely misses you.
You completely miss the endoplasm.
The endoplasm is heavily wounded.
The endoplasm hits you but does no damage.
You hit the endoplasm but do no damage.
The endoplasm is heavily wounded.
The endoplasm hits you.
* * * LOW HITPOINT WARNING * * *
You hit the endoplasm.
The endoplasm is heavily wounded.
The endoplasm hits you.
* * * LOW HITPOINT WARNING * * *
You barely miss the endoplasm.
The endoplasm is heavily wounded.
The endoplasm freezes you.
You are frozen.
* * * LOW HITPOINT WARNING * * *
You hit the endoplasm.
The endoplasm is almost dead.
The endoplasm freezes you.
You are frozen.
You die...

#.### #.##.# # #.#.#
#....# #.###..#. #.#..#
#.....###.#.#..########
####.## #.............
####.###.##...####...#
#.....#.###..........#
#.###J.##.....####...#
# #@###.###......>..
#.# #.# #.#####... #.#
#.# #.# #... #.# #.#
#.# #...
.###.###.###.## #...
..............# #.#.
###.##<####..####...
#...............>.
#########........#


You could see an endoplasm (drained).

Vanquished Creatures
  A hound (D:2)
  Robin (D:2)
  3 adders (D:2)
  A worm (D:2)
  4 dart slugs
  3 bats
  3 endoplasms
  12 goblins
  4 hobgoblins
  A kobold (D:1)
  2 ball pythons (D:1)
  A frilled lizard (D:1)
  A rat (D:1)
37 creatures vanquished.

Notes
Turn   | Place    | Note
-------+----------+-------------------------------------------
     0 | D:1      | voltaire321 the Demonspawn Artificer began the quest for
                  | the Orb.
     0 | D:1      | Reached XP level 1. HP: 15/15 MP: 1/1
    35 | D:1      | Found Hallar's Antique Armour Boutique.
    89 | D:1      | Reached skill level 1 in Dodging
   372 | D:1      | Gained mutation: You regenerate magic rapidly. [demonic
                  | ancestry]
   372 | D:1      | Reached XP level 2. HP: 19/21 MP: 2/2
   395 | D:1      | Found a faded altar of an unknown god.
  1610 | D:2      | Reached XP level 3. HP: 22/27 MP: 3/3
  1965 | D:2      | Noticed Robin
  1967 | D:2      | Reached XP level 4. HP: 30/33 MP: 4/4
  1994 | D:2      | Killed Robin
  2659 | D:2      | Frozen to death by an endoplasm

Illustrated notes

Levels and vault maps discovered:
D:1:      nicolae_arrival_washed_ashore, layout_basic,
          shapermc_ecumenical_altar_mp_ritualfount, serial_shops, shop,
          st_stairs_9
D:2:      layout_loops_ring, chequers_decorated_corner, uniq_robin

Skill      XL: |  1  2  3  4 |
---------------+-------------+-----
Dodging        | 1 2 |  2.1
Armour         | 2 |  2.7
Fighting       | 2 |  2.3
Stealth        | |  0.8
Evocations     | |  3.8

Action                   |  1- 3 |  4- 6 || total
-------------------------+-------+-------++-------
Melee: Club              |    46 |       ||    46
       Dagger            |    38 |    70 ||   108
       Mace              |     9 |       ||     9
       Whip              |     2 |       ||     2
 Stab: Sleeping          |     2 |       ||     2
Armor: Leather armour    |    36 |    16 ||    52
Dodge: Dodged            |    61 |    31 ||    92

Table legend: (Time is in decaauts)
 A = Elapsed time spent in this place.
 B = Non-inter-level travel time spent in this place.
 C = Inter-level travel time spent in this place.
 D = Time resting spent in this place.
 E = Time spent auto-exploring this place.
 F = Levels seen in this place.
 G = Mean time per level.
                   A        B        C        D        E       F      G
               +--------+--------+--------+--------+--------+-----+--------+
         Total |   2674 |   2637 |     37 |    906 |   1303 |   2 | 1337.0 |
       Dungeon |   2674 |   2637 |     37 |    906 |   1303 |   2 | 1337.0 |
               +--------+--------+--------+--------+--------+-----+--------+

Top non-repeatable levels by time:
     D:1: 1590 daAuts
     D:2: 1083 daAuts
